 Dungeon Crawl Stone Soup version 0.25-a0-696-g42a9e46d90 (console) character file.

Game seed: 1372194057787719564, levelgen mode: classic

13801 Duffy the Cleaver (level 12, -16/110 HPs)
             Began as a Naga Gladiator on Mar 31, 2020.
             Was an Elder of Cheibriados.
             Demolished by Gastronok (32 damage)
             ... on level 3 of the Lair of Beasts.
             The game lasted 00:16:37 (15725 turns).

Duffy the Cleaver (Naga Gladiator)                 Turns: 15725, Time: 00:16:37

Health: -16/110    AC: 16    Str: 29    XL:     12   Next: 9%
Magic:  15/18      EV: 16    Int: 23    God:    Cheibriados [****..]
Gold:   654        SH:  0    Dex: 23    Spells: 11/11 levels left

rFire    . . .     SeeInvis +   a - +0 war axe
rCold    . . .     Gourm    +   (no shield)
rNeg     . . .     Faith    .   A - +0 plate armour
rPois    +         Spirit   .   c - +0 helmet
rElec    .         Reflect  .   (no cloak)
rCorr    .         Harm     .   G - +2 pair of gloves
MR       +....                  (no barding)
Stlth    ..........             z - amulet of the gourmand
HPRegen  0.28/turn              M - +2 ring of strength
MPRegen  0.16/turn              C - +5 ring of evasion

@: slowed, very slow
A: large, see invisible, deformed body, poison resistance, slowness 2, slow
metabolism 1, spit poison 1, AC +4
a: Spit Poison, Bend Time, Temporal Distortion, Slouch, Renounce Religion


You were on level 3 of the Lair of Beasts.
You worshipped Cheibriados.
Cheibriados was greatly pleased with you.
You were not hungry.

You visited 2 branches of the dungeon, and saw 13 of its levels.
You also visited: Ossuary.

You collected 654 gold pieces.

Inventory:

Hand Weapons
 a - a +0 war axe (weapon)
 E - a +1 morningstar of draining
 F - a +2 morningstar of holy wrath
Missiles
 d - 2 throwing nets (quivered)
Armour
 c - a +0 helmet (worn)
 A - a +0 plate armour (worn)
 G - a +2 pair of gloves (worn)
Jewellery
 h - an uncursed ring of protection from cold
 t - an uncursed ring of ice
 z - an amulet of the gourmand (around neck)
 C - a +5 ring of evasion (right hand)
 I - the amulet of Thoughtfulness {Inacc Str+6}
   (You found it on level 1 of the Lair of Beasts)

   [amulet of inaccuracy]

   It reduces the accuracy of all your attacks.
   It affects your strength (+6).
 M - a +2 ring of strength (left hand)
Wands
 J - a wand of acid (4)
Scrolls
 e - 6 scrolls of teleportation
 g - 2 scrolls of remove curse
 l - 4 scrolls of enchant armour
 u - a scroll of amnesia
 y - a scroll of immolation
Potions
 b - 2 potions of might {unknown}
 j - a potion of magic {unknown}
 k - 3 potions of invisibility {unknown}
 m - 9 potions of curing
 p - 2 potions of brilliance
 q - 2 potions of mutation
 r - 5 potions of heal wounds
 s - a potion of resistance {unknown}
 x - 2 potions of berserk rage
 B - a potion of stabbing {unknown}
 D - a potion of ambrosia
Miscellaneous
 w - a tin of tremorstones
 H - a phantom mirror
 K - a lightning rod (4/4)
 N - a phial of floods
Comestibles
 f - 23 rations


   Skills:
 - Level 8.0 Fighting
 - Level 10.1 Axes
 - Level 1.7 Throwing
 * Level 6.0 Armour
 + Level 7.5 Dodging
 - Level 9.0 Invocations
 - Level 5.1 Evocations


You had 11 spell levels left.
You didn't know any spells.
Your spell library contained the following spells:

 Spells                   Type           Power        Failure   Level  Hunger
 Corona                   Hex            #......      83%         1    ##.....
 Shock                    Conj/Air       #...         83%         1    ##.....
 Ensorcelled Hibernation  Hex/Ice        #.....       92%         2    ###....
 Swiftness                Chrm/Air       #.......     92%         2    ###....
 Confusing Touch          Hex            #.......     99%         3    ####...
 Dazzling Flash           Conj/Hex       #.....       99%         3    ####...
 Gell's Gravitas          Tloc           #.........   99%         3    ####...
 Static Discharge         Conj/Air       #.......     99%         3    ####...
 Tukima's Dance           Hex            #.......     99%         3    ####...
 Airstrike                Air            #.........   100%        4    #####..
 Petrify                  Tmut/Erth      #.......     100%        4    #####..
 Lightning Bolt           Conj/Air       #.........   100%        5    ######.
 Metabolic Englaciation   Hex/Ice        #.........   100%        5    ######.
 Yara's Violent Unravell  Hex/Tmut       #.........   100%        5    ######.


Dungeon Overview and Level Annotations

Branches:
Dungeon (10/15)            Temple (0/1) D:7            Lair (3/6) D:9
  Swamp (0/4) Lair:3      Ossuary (visited)
  Snake: Lair:2-4    Spider: Lair:2-4       Orc: D:9-12

Altars:
Ashenzari
Cheibriados
Gozag
Hepliaklqana
Kikubaaqudgha
Makhleb
Nemelex Xobeh
Okawaru
Qazlal
Sif Muna
Trog
Uskayaw
Wu Jian
Xom
Yredelemnul
Zin

Shops:
D:7 =

Annotations:
D:3 dig
D:4 exclusion: upstairs
D:5 2 transporters
Lair:3 Gastronok


Innate Abilities, Weirdness & Mutations

You cannot wear boots.
Your serpentine skin is tough. (AC +4)
You have supernaturally acute eyesight. (SInv)
Armour fits poorly on your strangely shaped body.
Your system is resistant to poisons. (rPois)
You cover ground very slowly.
You have a slow metabolism.
You can spit poison.


Message History

You slash Gastronok!
Gastronok is moderately wounded.
Gastronok bites you but does no damage.
You slash Gastronok!
Gastronok is heavily wounded.
Gastronok bites you!!
You hit Gastronok but do no damage.
Gastronok is heavily wounded.
You hit Gastronok.
Gastronok is heavily wounded.
Gastronok gurgles, "You're how I like my food.
Fast!"
Gastronok waves his eye-stalks in wide circles.
The air twists around and strikes you!
You hit Gastronok.
Gastronok is heavily wounded.
Gastronok bites you!
You hit Gastronok.
Gastronok is heavily wounded.
Gastronok bites you!!
You die...

^,,,,,,,,,,,,,,,,,,* *,,,,,,,
,,,,,,,,,,,,,,,....# **,,,,,,
,,,,,,,,,,,,***....### **,,,,,,
,,,**,,,,,,,,**......## *,...,,,
,,,~*,,,,,,,,,,*......# *....,,,
,,~*,,,,,,..),**#.....# *#....,,,
,,,~*,,,,,....*##.....#####.....,,*
,~~~,,,,,,....%#w......#.........,,
,~,~,~~,,,.......@................,
~~~~~~,~,,........................,
*****~~,,,..................#.....,
* *~~,,,........................,
*****~~~,,...##...................,
~*~~*~~,,,).*#.....##.............,
,,~~~~,,,,.,,#####.#.#............,
,,,,,~,,,,,,,***,.....##..<.......*
,*,,,,,,,,,,,**,......,#.#.#......,


You could see Gastronok.

Vanquished Creatures
  Erolcha (D:9)
  2 two-headed ogres
  Sonja (Lair:3)
  2 black mambas
  Psyche (D:9)
  Joseph (D:9)
  2 spiny frogs (Lair:1)
  2 rime drakes (Lair:1)
  A komodo dragon (Lair:1)
  A troll (D:9)
  4 hippogriffs
  A basilisk (Lair:1)
  11 yaks
  A wyvern (Lair:2)
  3 water moccasins
  6 porcupines
  3 orc warriors
  2 black bears
  2 sky beasts
  A phantom (D:6)
  3 ice beasts
  7 crocodiles
  3 ogres
  3 big kobolds
  13 bullfrogs
  A wyvern skeleton (D:8)
  3 scorpions
  A wight (D:7)
  3 crimson imps
  3 centaur zombies
  4 bullfrog zombies
  6 hounds
  2 jellies
  4 orc priests
  2 centaur skeletons
  7 orc wizards
  A bullfrog skeleton (D:7)
  14 mummies (Ossuary)
  5 iguanas
  6 worker ants
  4 hound zombies
  2 hound skeletons
  A gnoll (D:7)
  5 worker ant zombies
  15 adders
  A shadow imp (D:6)
  An ooze (D:7)
  6 adder zombies
  An adder skeleton (D:6)
  5 worms
  2 dart slugs
  3 leopard geckos (D:3)
  24 orcs
  10 giant cockroaches
  10 goblins
  5 hobgoblins
  8 jackals
  7 quokkas
  A ball python (D:3)
  6 bats
  5 frilled lizards
  A giant cockroach zombie (Ossuary)
  2 gnoll zombies (D:3)
  A jackal zombie (Ossuary)
  19 kobolds
  A leopard gecko zombie (Ossuary)
  A quokka skeleton (D:6)
  10 rats
  A plant (D:9)
297 creatures vanquished.

Vanquished Creatures (others)
  A giant cockroach (D:3)
  A frilled lizard (D:3)
  A bush (D:9)
  4 fungi
  16 plants
  4 withered plants (Ossuary)
27 creatures vanquished.

Grand Total: 324 creatures vanquished

Notes
Turn   | Place    | Note
-------+----------+-------------------------------------------
     0 | D:1      | Duffy the Naga Gladiator began the quest for the Orb.
     0 | D:1      | Reached XP level 1. HP: 19/19 MP: 1/1
   249 | D:1      | Reached XP level 2. HP: 15/26 MP: 2/2
  1535 | D:2      | Reached XP level 3. HP: 24/33 MP: 3/3
  1557 | D:2      | Reached skill level 4 in Axes
  2128 | D:2      | Found a stormy altar of Qazlal,
  2132 | D:2      | Reached XP level 4. HP: 34/40 MP: 4/4
  2915 | D:3      | Found a shattered altar of Ashenzari,
  2924 | D:3      | Reached XP level 5. HP: 12/49 MP: 5/5
  3221 | D:3      | Reached skill level 5 in Axes
  3228 | D:3      | Found a glowing silver altar of Zin,
  3562 | D:3      | Found an iron altar of Okawaru,
  3562 | D:3      | Found a bloodstained altar of Trog,
  3639 | D:3      | Found a basalt altar of Yredelemnul,
  3864 | D:3      | Found a snail-covered altar of Cheibriados,
  4310 | D:3      | Became a worshipper of Cheibriados the Contemplative
  4362 | D:4      | Reached skill level 1 in Invocations
  4362 | D:4      | Reached XP level 6. HP: 23/57 MP: 6/6
  4965 | D:4      | Reached skill level 6 in Axes
  5331 | D:5      | Entered Level 5 of the Dungeon
  5342 | D:5      | Reached XP level 7. HP: 43/64 MP: 8/8
  5410 | D:5      | Found a transporter,
  5430 | D:5      | Reached * piety under Cheibriados
  5571 | D:5      | Found a sand-covered staircase,
  5578 | Ossuary  | Entered an ossuary
  5659 | Ossuary  | Reached skill level 7 in Axes
  5904 | Ossuary  | Reached XP level 8. HP: 67/73 MP: 10/10
  5940 | Ossuary  | Reached ** piety under Cheibriados
  5968 | Ossuary  | Reached skill level 5 in Fighting
  6498 | D:5      | Found a sparkling altar of Nemelex Xobeh,
  6638 | D:5      | Found a shimmering blue altar of Sif Muna,
  6721 | D:5      | Found a burning altar of Makhleb,
  6723 | D:5      | Noticed a gargoyle
  6734 | D:5      | Found a transporter,
  6921 | D:6      | Reached skill level 8 in Axes
  7200 | D:6      | Found a hide-covered altar of Uskayaw,
  7559 | D:6      | Found a sparkling altar of Nemelex Xobeh,
  7769 | D:6      | Reached *** piety under Cheibriados
  8462 | D:6      | Reached skill level 5 in Invocations
  8462 | D:6      | Reached XP level 9. HP: 73/82 MP: 12/12
  8597 | D:7      | Reached skill level 9 in Axes
  8895 | D:7      | Found a staircase to the Ecumenical Temple,
  9172 | D:7      | Found Parug's Jewellery Shoppe,
  9366 | D:7      | Reached **** piety under Cheibriados
  9847 | D:7      | Reached skill level 10 in Axes
 10575 | D:8      | Found an ornate altar of the Wu Jian Council,
 10582 | D:8      | Noticed a two-headed ogre
 10603 | D:8      | Killed a two-headed ogre
 10603 | D:8      | Reached XP level 10. HP: 78/92 MP: 15/15
 10680 | D:8      | Got a shadowed robe
 11017 | D:9      | Noticed Erolcha
 11023 | D:9      | Killed Erolcha
 11032 | D:9      | Reached ***** piety under Cheibriados
 11116 | D:9      | Noticed Psyche
 11122 | D:9      | Killed Psyche
 11692 | D:9      | Noticed a two-headed ogre
 11692 | D:9      | Noticed Joseph
 11703 | D:9      | Killed a two-headed ogre
 11703 | D:9      | Reached skill level 5 in Dodging
 11725 | D:9      | Killed Joseph
 11725 | D:9      | Reached skill level 5 in Evocations
 11725 | D:9      | Reached XP level 11. HP: 84/100 MP: 7/17
 11907 | D:9      | Found a staircase to the Lair,
 12215 | D:9      | Found a hazy altar of Hepliaklqana,
 12224 | D:9      | Found a shimmering altar of Xom,
 12333 | D:9      | Found an opulent altar of Gozag,
 12397 | D:9      | Found an ancient bone altar of Kikubaaqudgha,
 12737 | D:10     | Entered Level 10 of the Dungeon
 12752 | D:10     | Reached skill level 1 in Armour
 12858 | Lair:1   | Entered Level 1 of the Lair of Beasts
 12947 | D:9      | Identified the cursed +1 robe of the Devil {*Drain rPois
                  | rF+} (You found it on level 8 of the Dungeon)
 14222 | Lair:1   | Got a smoking diamond amulet
 14224 | Lair:1   | Identified the amulet of Thoughtfulness {Inacc Str+6} (You
                  | found it on level 1 of the Lair of Beasts)
 14822 | Lair:2   | Reached skill level 5 in Armour
 15371 | Lair:2   | Reached XP level 12. HP: 84/110 MP: 18/18
 15711 | Lair:3   | Noticed Gastronok
 15712 | Lair:3   | Noticed Sonja
 15716 | Lair:3   | Killed Sonja
 15725 | Lair:3   | Demolished by Gastronok

Levels and vault maps discovered:
D:1:      nzn_arrival_depleted_hourglass, layout_rooms
D:2:      layout_loops_corners, lemuel_doored_altar, chequers_garden
D:3:      layout_loops_ring, gammafunk_temple_overflow_statue,
          nicolae_overflow_hidden_temple, old_standard_altar,
          lemuel_zombie_altar_yredelemnul, zin_treasury, lemuel_old_faithful
D:4:      minmay_recursive_quarters, layout_rooms, first_ration
D:5:      layout_rooms, gammafunk_temple_overflow_arena, led_sif_book,
          chequers_ossuary_entry_cave, nemelex_lonely_heart_becter
D:6:      layout_layer_cave, eat_drink_and_be_merry_uskayaw, lemuel_round_altar,
          minmay_misc_feat_pillars, st_stairs_6
D:7:      minmay_thinvault, layout_loops_cross, temple_doors_e, serial_shops,
          shop
D:8:      layout_cave_pools, overflow_temple_1_default
D:9:      layout_gridville, regret_index_temple_of_mockery, kennysheep_mini,
          kennysheep_mini_moat, minmay_lair_entry_grove, uniq_erolcha,
          uniq_psyche, uniq_joseph
D:10:     kennysheep_town
Lair:1:   layout_misc_corridors, beast_lair_carwin_2, grunt_megastairs_1,
          lemuel_fruit_tree
Lair:2:   layout_chaotic_city, nicolae_lair_grove_arrangements
Lair:3:   layout_hall_layers, skrybe_swamp_entry_bodies, serial_bayou,
          serial_bayou_pond_e, serial_bayou_pond_c, serial_bayou_pond_c,
          serial_bayou_pond_c, enter_volcano_1, worms_lemuel,
          grunt_megastairs_2, uniq_gastronok, uniq_sonja, uniq_snorg

Skill      XL: |  1  2  3  4  5  6  7  8  9 10 11 12 |
---------------+-------------------------------------+-----
Axes           | 4 5 6 7 8 10 | 10.1
Fighting       | 3 4 5 6 7 8 |  8.0
Invocations    | 1 2 3 5 7 9 |  9.0
Dodging        | 4 5 7 |  7.5
Evocations     | 5 |  5.1
Armour         | 5 6 |  6.0
Throwing       | |  1.7

Action                   |  1- 3 |  4- 6 |  7- 9 | 10-12 || total
-------------------------+-------+-------+-------+-------++-------
Melee: War axe           |   143 |   191 |   414 |   399 ||  1147
Throw: Throwing net      |       |     2 |       |       ||     2
Invok: Slouch            |       |       |       |     5 ||     5
       Temporal Distorti |       |       |       |     3 ||     3
 Abil: Spit Poison       |     4 |     4 |    14 |     2 ||    24
Evoke: Wand              |       |       |     4 |     6 ||    10
  Use: Scroll            |     2 |     2 |     5 |    14 ||    23
       Potion            |       |       |     3 |     2 ||     5
 Stab: Distracted        |       |       |     1 |       ||     1
       Sleeping          |       |       |     6 |     1 ||     7
  Eat: Chunk             |     3 |     8 |     8 |     8 ||    27
       Ration            |       |       |     1 |     2 ||     3
Armor: Leather armour    |    26 |       |       |       ||    26
       Chain mail        |    44 |   129 |    11 |       ||   184
       Steam dragon scal |       |       |   101 |    16 ||   117
       Skin              |       |       |    52 |    54 ||   106
       Plate armour      |       |       |       |    83 ||    83
       Troll leather arm |       |       |       |    25 ||    25
Dodge: Dodged            |    95 |    61 |   302 |   317 ||   775

Table legend:
 A = Non-vault XP
 B = Vault XP
 C = Vault XP percentage of total XP
 D = Non-vault monster count
 E = Vault monster count
 F = Vault count percentage of total count
                 A         B        C        D         E       F
            +---------+---------+-------+---------+---------+-------
      Total |   12014 |    7703 |  39.1 |     218 |      78 |  26.4
            +---------+---------+-------+---------+---------+-------
        D:1 |      30 |       0 |   0.0 |      18 |       0 |   0.0
        D:2 |      66 |       0 |   0.0 |      26 |       0 |   0.0
        D:3 |     134 |       3 |   2.2 |      35 |       2 |   5.4
        D:4 |     199 |     162 |  44.9 |      12 |       4 |  25.0
        D:5 |     202 |      76 |  27.3 |      13 |       2 |  13.3
        D:6 |     931 |       0 |   0.0 |      28 |       0 |   0.0
        D:7 |     903 |     895 |  49.8 |      17 |      14 |  45.2
        D:8 |    1310 |       0 |   0.0 |      12 |       0 |   0.0
        D:9 |    2467 |    3567 |  59.1 |      27 |      14 |  34.1
       D:10 |     431 |     351 |  44.9 |       4 |       4 |  50.0
     Lair:1 |    3215 |    1142 |  26.2 |      14 |       5 |  26.3
     Lair:2 |    1862 |       0 |   0.0 |      10 |       0 |   0.0
     Lair:3 |     264 |     820 |  75.6 |       2 |       1 |  33.3
    Ossuary |       0 |     687 | 100.0 |       0 |      32 | 100.0
            +---------+---------+-------+---------+---------+-------
